 Dungeon Crawl Stone Soup version 0.25-a0-290-g4a1327ee3a (webtiles) character file.

Game seed: 9778419935054225196, levelgen mode: deterministic

91 floatRand the Skirmisher (level 4, 0/48 HPs)
             Began as an Ogre Gladiator on Dec 14, 2019.
             Was a Follower of Cheibriados.
             Slain by an iron imp (8 damage)
             ... summoned by Natasha
             ... on level 3 of the Dungeon.
             The game lasted 00:02:16 (2813 turns).

floatRand the Skirmisher (Ogre Gladiator)           Turns: 2813, Time: 00:02:17

Health: 0/48       AC:  3    Str: 20    XL:     4   Next: 59%
Magic:  4/4        EV: 11    Int: 11    God:    Cheibriados [*.....]
Gold:   173        SH:  0    Dex: 13    Spells: 3/3 levels left

rFire    . . .     SeeInvis .   a - +0 flail
rCold    . . .     Gourm    .   (no shield)
rNeg     . . .     Faith    .   b - +0 robe
rPois    .         Spirit   .   c - +0 hat
rElec    .         Reflect  .   (no cloak)
rCorr    .         Harm     +   (gloves unavailable)
MR       .....                  (boots unavailable)
Stlth    ++........             w - amulet of harm
HPRegen  0.16/turn              k - ring of stealth
MPRegen  0.09/turn              (no ring)

@: slowed, very slow
A: large, unfitting armour, tough skin 1
a: Bend Time, Renounce Religion


You were on level 3 of the Dungeon.
You worshipped Cheibriados.
Cheibriados was aware of your devotion.
You were not hungry.

You visited 1 branch of the dungeon, and saw 3 of its levels.

You collected 173 gold pieces.

Inventory:

Hand Weapons
 a - a +0 flail (weapon)
Missiles
 d - 3 throwing nets (quivered)
Armour
 b - a +0 robe (worn)
 c - a +0 hat (worn)
Jewellery
 k - a ring of stealth (left hand)
 w - an amulet of harm (around neck)
Wands
 s - a wand of flame (6)
Scrolls
 e - 2 scrolls of fear {unknown}
 g - a scroll of enchant weapon {unknown}
 l - a scroll of blinking {unknown}
 m - 2 scrolls of magic mapping {unknown}
 o - a scroll of noise {unknown}
 p - a scroll of fog {unknown}
 q - 4 scrolls of teleportation {unknown}
 r - a scroll of remove curse {unknown}
 t - 3 scrolls of identify {unknown}
 x - a scroll of immolation {unknown}
Potions
 h - 2 potions of berserk rage {unknown}
 i - a potion of mutation {unknown}
 j - a potion of agility {unknown}
 n - a potion of lignification {unknown}
 u - a potion of degeneration {unknown}
Comestibles
 f - 9 rations
 v - 4 chunks of flesh


   Skills:
 + Level 4.2 Fighting
 + Level 3.5 Maces & Flails
 - Level 2.0 Throwing
 + Level 3.4 Dodging
 + Level 0.0 Invocations


You had 3 spell levels left.
You didn't know any spells.
Your spell library was empty.

Dungeon Overview and Level Annotations

Branches:
Dungeon (3/15)

Altars:
Cheibriados

Annotations:
D:3 Natasha


Innate Abilities, Weirdness & Mutations

You are too large for most types of armour.
You have tough skin. (AC +1)


Message History

You barely miss Natasha. Natasha claws you but does no damage.
Unknown command.
You hit Natasha but do no damage. Natasha casts a spell at you.
You resist with some effort. The iron imp hits you!
You barely miss Natasha. Natasha claws you but does no damage.
The iron imp hits you.
You barely miss Natasha. Natasha claws you!
The iron imp hits you but does no damage.
Natasha stares at you and mumbles some strange words.
You feel yourself slow down.
You hit Natasha but do no damage.
Natasha casts a spell.
The iron imp hits you!
You hit Natasha.
Natasha is moderately wounded.
Natasha claws you!
* * * LOW HITPOINT WARNING * * *
The iron imp hits you!
You die...

#.#... #.#... #.#...
##### #.#... #####...##
###.#...
...(.....#######.#>####
####..5>................
#.....5..†.######.######
#...h@...# ###.#
#.#...<..# #...#
##...#.# #.### ##.##(#
#.# #.##.####.#
#...#.....# ####.######
#.# #.#


You could see an iron imp, Natasha and a crimson imp.

Vanquished Creatures
  An adder (D:3)
  5 dart slugs
  A leopard gecko (D:2)
  An orc (D:3)
  7 bats
  9 hobgoblins
  15 jackals
  4 frilled lizards
  7 goblins
  6 kobolds
  9 rats
65 creatures vanquished.

Notes
Turn   | Place    | Note
-------+----------+-------------------------------------------
     0 | D:1      | floatRand the Ogre Gladiator began the quest for the Orb.
     0 | D:1      | Reached XP level 1. HP: 22/22 MP: 1/1
   323 | D:1      | Reached skill level 3 in Fighting
   327 | D:1      | Reached XP level 2. HP: 31/31 MP: 2/2
  1219 | D:2      | Reached XP level 3. HP: 35/37 MP: 3/3
  1462 | D:2      | Found a snail-covered altar of Cheibriados.
  1518 | D:2      | Became a worshipper of Cheibriados the Contemplative
  1830 | D:2      | Reached XP level 4. HP: 41/48 MP: 4/4
  1848 | D:2      | Reached skill level 4 in Fighting
  2385 | D:3      | Reached * piety under Cheibriados
  2804 | D:3      | Noticed Natasha
  2813 | D:3      | Slain by an iron imp

Levels and vault maps discovered:
D:1:      dpeg_arrival_castle, layout_basic
D:2:      layout_basic, kennysheep_slug_shrine
D:3:      layout_loops_ring, makhleb_altar_promises_db, marbit_many_paths,
          uniq_natasha

Skill      XL: |  1  2  3  4 |
---------------+-------------+-----
Fighting       | 3 4 |  4.2
Maces & Flails | 3 |  3.5
Dodging        | 3 |  3.4
Throwing       | |  2.0

Action                   |  1- 3 |  4- 6 || total
-------------------------+-------+-------++-------
Melee: Flail             |   137 |    82 ||   219
 Stab: Sleeping          |     3 |     5 ||     8
       Distracted        |     1 |       ||     1
  Eat: Chunk             |     3 |     3 ||     6
Armor: Robe              |    63 |    34 ||    97
Dodge: Dodged            |    90 |    51 ||   141

Table legend:
 A = Non-vault XP
 B = Vault XP
 C = Vault XP percentage of total XP
 D = Non-vault monster count
 E = Vault monster count
 F = Vault count percentage of total count
                 A         B        C        D         E       F
            +---------+---------+-------+---------+---------+-------
      Total |     127 |       4 |   3.1 |      64 |       1 |   1.5
            +---------+---------+-------+---------+---------+-------
        D:1 |      25 |       0 |   0.0 |      17 |       0 |   0.0
        D:2 |      65 |       4 |   5.8 |      33 |       1 |   2.9
        D:3 |      37 |       0 |   0.0 |      14 |       0 |   0.0
            +---------+---------+-------+---------+---------+-------
